 Dungeon Crawl Stone Soup version 0.24-a0-280-g7cec4da (webtiles) character file.

Game seed: 17309160541073373370

807 CaveCrawler the Slinger (level 8, -3/52 HPs)
             Began as a Halfling Hunter on May 1, 2019.
             Slain by a sky beast (5 damage)
             ... on level 5 of the Dungeon.
             The game lasted 00:12:30 (4032 turns).

CaveCrawler the Slinger (Halfling Hunter)           Turns: 4032, Time: 00:12:30

Health: -3/52      AC:  6    Str: 13    XL:     8   Next: 14%
Magic:  8/8        EV: 15    Int:  9    God:
Gold:   327        SH:  0    Dex: 20    Spells: 7/7 levels left

rFire    . . .     SeeInvis .   s - +0 rapier
rCold    + + .     Gourm    .   (shield restricted)
rNeg     . . .     Faith    .   b - +0 ring mail "Joplefuv" {-Tele rPois rC++ Dex+3}
rPois    +         Spirit   .   o - +0 helmet
rElec    .         Reflect  .   (no cloak)
rCorr    .         Harm     .   (no gloves)
MR       .....     NoTele   +   (no boots)
Stlth    ++........             (no amulet)
HPRegen  0.17/turn              (no ring)
MPRegen  0.11/turn              (no ring)

@: no status effects
A: small, mutation resistance 1
a: no special abilities


You were on level 5 of the Dungeon.
You were not hungry.

You visited 1 branch of the dungeon, and saw 5 of its levels.

You collected 327 gold pieces.

Inventory:

Hand Weapons
 a - a +1 hunting sling
 s - a +0 rapier (weapon)
Missiles
 d - 10 sling bullets
 e - 7 stones (quivered)
Armour
 b - the +0 ring mail "Joplefuv" (worn) {-Tele rPois rC++ Dex+3}
   (You found it on level 4 of the Dungeon)

   It affects your dexterity (+3).
   It greatly protects you from cold.
   It protects you from poison.
   It prevents most forms of teleportation.
 o - a +0 helmet (worn)
 r - a +0 scale mail
Jewellery
 x - an uncursed ring of see invisible
Wands
 g - a wand of random effects (20)
 t - a wand of disintegration (11)
Scrolls
 j - 4 scrolls of remove curse
 k - a scroll of teleportation
 l - a scroll of immolation {unknown}
 n - 2 scrolls of fear
 u - a scroll of fog
Potions
 c - a potion of resistance
 h - 4 potions of curing
 i - 6 potions of lignification
 m - a potion of flight
 p - 2 potions of cancellation {unknown}
 q - a potion of berserk rage
 w - 2 potions of brilliance {unknown}
Comestibles
 f - 13 rations
 v - 3 chunks of flesh


   Skills:
 + Level 3.3 Fighting
 + Level 10.9 Slings
 + Level 4.0 Dodging
 + Level 3.7 Stealth


You had 7 spell levels left.
You didn't know any spells.
Your spell library was empty.

Dungeon Overview and Level Annotations

Branches:
Dungeon (5/15)
 Temple: D:4-7

Altars:
Ashenzari


Innate Abilities, Weirdness & Mutations

You are small and have problems with some larger weapons.
You are somewhat resistant to further mutation.


Message History

Reactivating autopickup.
You hit the sky beast but do no damage.
The sky beast is almost dead.
The sky beast misses you.
You hit the sky beast but do no damage.
The sky beast is almost dead.
The sky beast hits you but does no damage.
The sky beast misses you.
You closely miss the sky beast.
The sky beast is almost dead.
The sky beast hits you but does no damage.
You hit the sky beast but do no damage.
The sky beast is almost dead.
The sky beast barely misses you.
You hit the sky beast but do no damage.
The sky beast is almost dead.
The sky beast hits you.
* * * LOW HITPOINT WARNING * * *
The sky beast shocks you.
You die...

########.....########
#......#.....#.......
#......#.....#.......
#......+.....#....÷..
#....(.#.....#....##.
##.....#.....#....##.
#.....#.....#.(..)..
######'#.....'...)##.
#...@Y≈......#..()###
#............#(((.#..
#............#(...#..
#............#...)##.
#............#....##.
#....<.......#()†....
#............#.......
########.....#(......
.....#.......


You could see a sky beast.

Vanquished Creatures
  A hippogriff (D:5)
  A phantom (D:5)
  A crimson imp (D:5)
  A centaur zombie (D:5)
  A hound (D:5)
  An orc wizard (D:5)
  2 bullfrog skeletons (D:4)
  3 worker ants (D:4)
  Ijyb (D:3)
  An iguana (D:5)
  Robin (D:3)
  3 gnolls (D:5)
  9 adders
  An ooze (D:4)
  2 worms
  A dart slug (D:1)
  2 leopard geckos (D:4)
  13 orcs
  10 giant cockroaches
  13 goblins
  11 hobgoblins
  7 jackals
  3 quokkas
  8 bats
  6 frilled lizards
  11 kobolds
  5 rats
119 creatures vanquished.

Notes
Turn   | Place    | Note
-------+----------+-------------------------------------------
     0 | D:1      | CaveCrawler the Halfling Hunter began the quest for the
                  | Orb.
     0 | D:1      | Reached XP level 1. HP: 14/14 MP: 1/1
    19 | D:1      | Reached skill level 6 in Slings
   104 | D:1      | Reached XP level 2. HP: 19/19 MP: 2/2
   273 | D:1      | Reached skill level 7 in Slings
   273 | D:1      | Reached XP level 3. HP: 24/24 MP: 3/3
   744 | D:2      | Reached XP level 4. HP: 29/29 MP: 4/4
   837 | D:2      | Reached skill level 8 in Slings
   845 | D:2      | Found a shattered altar of Ashenzari.
  1572 | D:3      | Reached XP level 5. HP: 34/34 MP: 5/5
  1690 | D:3      | Noticed Robin
  1710 | D:3      | Reached skill level 9 in Slings
  1727 | D:3      | Killed Robin
  2008 | D:3      | Noticed Ijyb
  2025 | D:3      | Killed Ijyb
  2259 | D:3      | Reached XP level 6. HP: 38/39 MP: 6/6
  2635 | D:4      | Reached skill level 10 in Slings
  2779 | D:4      | Got a pitted ring mail
  2790 | D:4      | Identified the +0 ring mail "Joplefuv" {-Tele rPois rC++
                  | Dex+3} (You found it on level 4 of the Dungeon)
  3224 | D:5      | Entered Level 5 of the Dungeon
  3237 | D:5      | Reached XP level 7. HP: 45/45 MP: 7/7
  3239 | D:5      | Noticed a hippogriff
  3944 | D:5      | Killed a hippogriff
  3944 | D:5      | Reached XP level 8. HP: 52/52 MP: 8/8
  4024 | D:5      | HP: 2/52 [something (6)]
  4032 | D:5      | HP: 2/52 [sky beast (2)]
  4032 | D:5      | Slain by a sky beast

Levels and vault maps discovered:
D:1:      noname_arrival_rooms_in_the_neighbourhood, layout_rooms,
          minmay_worlds_worst_comb
D:2:      layout_basic, first_ration, ashenzari_altar_1
D:3:      layout_basic, saegor_snake_ambush, uniq_ijyb, uniq_robin
D:4:      layout_loops_cross
D:5:      layout_gridville, basic_altar

Skill      XL: |  1  2  3  4  5  6  7  8 |
---------------+-------------------------+-----
Slings         | 6 7 8 9 10 | 10.9
Fighting       | 2 3 |  3.3
Stealth        | 2 3 |  3.7
Dodging        | 3 4 |  4.0

Action                   |  1- 3 |  4- 6 |  7- 9 || total
-------------------------+-------+-------+-------++-------
Melee: Short sword       |    24 |    51 |       ||    75
       Rapier            |       |       |    29 ||    29
 Fire: Hunting sling     |    71 |   228 |   138 ||   437
  Use: Scroll            |       |    10 |       ||    10
  Eat: Chunk             |       |     7 |     2 ||     9
Armor: Leather armour    |    14 |     7 |       ||    21
       Scale mail        |       |    39 |       ||    39
       Ring mail         |       |     1 |    21 ||    22
Dodge: Dodged            |    30 |    70 |    45 ||   145

Table legend:
 A = Non-vault XP
 B = Vault XP
 C = Vault XP percentage of total XP
 D = Non-vault monster count
 E = Vault monster count
 F = Vault count percentage of total count
                 A         B        C        D         E       F
            +---------+---------+-------+---------+---------+-------
      Total |    1048 |     106 |   9.2 |     100 |      19 |  16.0
            +---------+---------+-------+---------+---------+-------
        D:1 |      48 |      10 |  17.2 |      28 |       5 |  15.2
        D:2 |      68 |       0 |   0.0 |      25 |       0 |   0.0
        D:3 |      64 |      96 |  60.0 |      18 |      14 |  43.8
        D:4 |     203 |       0 |   0.0 |      11 |       0 |   0.0
        D:5 |     665 |       0 |   0.0 |      18 |       0 |   0.0
            +---------+---------+-------+---------+---------+-------
